 Dungeon Crawl Stone Soup version 0.24.1-1-gd1d2a07e1b (webtiles) character file.

Game seed: 11472968913515810678, levelgen mode: deterministic

469 Mellonil the Vexing (level 7, -4/52 HPs)
             Began as a Gnoll Arcane Marksman on Apr 9, 2020.
             Was an Initiate of Okawaru.
             Slain by an ogre
             ... wielding a +0 giant club
              (15 damage)
             ... on level 3 of the Dungeon.
             The game lasted 00:40:17 (6363 turns).

Mellonil the Vexing (Gnoll Arcane Marksman)         Turns: 6363, Time: 00:40:18

Health: -4/52      AC:  5    Str: 14    XL:     7   Next: 9%
Magic:  12/12      EV: 15    Int: 15    God:    Okawaru [......]
Gold:   158        SH:  0    Dex: 16    Spells: 6/13 levels left

rFire    . . .     SeeInvis .   d - +0 short sword
rCold    . . .     Gourm    .   (no shield)
rNeg     . . .     Faith    .   n - +0 robe
rPois    +         Spirit   .   q - +0 helmet
rElec    .         Reflect  .   r - +1 cloak
rCorr    .         Harm     .   (no gloves)
MR       .....                  (no boots)
Stlth    ++........             (no amulet)
HPRegen  0.17/turn              s - ring of poison resistance
MPRegen  0.13/turn              (no ring)

@: flying
A: distributed training, fangs 1, strong nose
a: Renounce Religion


You were on level 3 of the Dungeon.
You worshipped Okawaru.
Okawaru was noncommittal.
You were hungry.

You visited 2 branches of the dungeon, and saw 6 of its levels.

You collected 158 gold pieces.

Inventory:

Hand Weapons
 a - a +0 shortbow
 d - a +0 short sword (weapon)
 w - a cursed +0 quarterstaff
Missiles
 p - 11 boomerangs (quivered)
 v - an arrow
Armour
 e - a +0 robe
 n - a +0 robe (worn)
 q - a +0 helmet (worn)
 r - a +1 cloak (worn)
Jewellery
 s - a ring of poison resistance (left hand)
Wands
 f - a wand of acid (7)
 t - a wand of flame (21)
Scrolls
 h - 3 scrolls of identify
 k - a scroll of magic mapping {unknown}
 m - a scroll of enchant armour
Potions
 b - a potion of magic
 c - a potion of heal wounds {unknown}
 g - 2 potions of degeneration {unknown}
 i - a potion of haste {unknown}
 j - a potion of flight
 l - a potion of berserk rage {unknown}
 o - a potion of invisibility {unknown}
 u - a potion of curing {unknown}


   Skills:
 + Level 3.4 Fighting
 + Level 2.2 Short Blades
 + Level 2.2 Long Blades
 + Level 2.2 Axes
 + Level 2.2 Maces & Flails
 + Level 2.2 Polearms
 + Level 2.2 Staves
 + Level 2.2 Slings
 + Level 5.1 Bows
 + Level 2.2 Crossbows
 + Level 2.2 Throwing
 + Level 2.2 Armour
 + Level 5.1 Dodging
 + Level 2.2 Stealth
 + Level 2.2 Shields
 + Level 2.2 Unarmed Combat
 + Level 3.6 Spellcasting
 + Level 1.8 Conjurations
 + Level 5.7 Hexes
 + Level 1.8 Charms
 + Level 1.8 Summonings
 + Level 1.8 Necromancy
 + Level 1.8 Translocations
 + Level 1.8 Transmutations
 + Level 1.8 Fire Magic
 + Level 1.8 Ice Magic
 + Level 1.8 Air Magic
 + Level 1.8 Earth Magic
 + Level 1.8 Poison Magic
 + Level 2.4 Invocations
 + Level 2.2 Evocations


You had 6 spell levels left.
You knew the following spells:

 Your Spells              Type           Power        Failure   Level  Hunger
a - Corona                Hex            ###....      1%          1    None
b - Inner Flame           Hex/Fire       ##......     12%         3    ###....
c - Portal Projectile     Hex/Tloc       ##....       12%         3    ###....

Your spell library contained the following spells:

 Spells                   Type           Power        Failure   Level  Hunger
 Slow                     Hex            ###.....     2%          2    ##.....
 Cause Fear               Hex            ###.......   17%         4    ####...
 Leda's Liquefaction      Hex/Erth       ##........   36%         4    ####...


Dungeon Overview and Level Annotations

Branches:
Dungeon (5/15)             Temple (1/1) D:5

Altars:
Ashenzari
Cheibriados
Dithmenos
Elyvilon
Hepliaklqana
Kikubaaqudgha
Makhleb
Nemelex Xobeh
Okawaru
Qazlal
Ru
Sif Muna
Trog
Uskayaw
Vehumet
Wu Jian
Xom
Yredelemnul
Zin
The Shining One

Annotations:
D:4 Dowan, Duvessa, Purgy


Innate Abilities, Weirdness & Mutations

Your experience applies equally to all skills.
You have very sharp teeth.
Your uncanny sense of smell can sniff out nearby items.


Message History

Aim: an ogre, wielding a +0 giant club (lightly wounded)
You throw a boomerang. The boomerang hits the ogre.
The ogre is moderately wounded.
The ogre misses you.
Throwing (i - inventory)
p - 11 boomerangs (quivered)
Press: ? - help, Shift-Dir - straight line, f/p - ogre
Aim: an ogre, wielding a +0 giant club (moderately wounded)
You throw a boomerang.
The boomerang hits the ogre but does no damage.
The ogre is moderately wounded.
The ogre hits you with a +0 giant club!
* * * LOW HITPOINT WARNING * * *
Throwing (i - inventory)
p - 11 boomerangs (quivered)
Press: ? - help, Shift-Dir - straight line, f/p - ogre
Aim: an ogre, wielding a +0 giant club (lightly wounded)
You throw a boomerang. The boomerang hits the ogre.
The ogre is moderately wounded.
You feel very buoyant.
You fly up into the air.
The ogre hits you with a +0 giant club!
You die...

..#.##.....# #........######
.#..##.....# #..............
...........#
####........######
...........#
#.................
...###.....#
#.#.........###### .#.#
#.....#####.#.#######.#≈≈≈≈§
.#.# #.....##......#
#.#≈≈.≈≈ ##.#
#####.##(.#.#.### #.#≈≈≈≈≈
##.# #......@O...## #.######
##.# ##.....#.#.#..#
#..÷...† ##.#
#.............# #####...
...######.#....#.#.#..# ####
.....................##
.##.......#....#.#.#.#
.........##.......>..#
..........#..###.#.#.#
..#.((..#............#


You could see an ogre.

Vanquished Creatures
  An ice beast (D:5)
  A hound (D:3)
  An orc priest (D:4)
  Jessica (D:3)
  A centaur skeleton (D:4)
  Natasha (D:4)
  A worker ant (D:4)
  A hound skeleton (D:5)
  Robin (D:3)
  8 adders
  A shadow imp (D:5)
  An ooze (D:2)
  An adder skeleton (D:5)
  3 worms
  A dart slug (D:1)
  A leopard gecko (D:5)
  6 orcs
  8 giant cockroaches
  15 goblins
  12 hobgoblins
  3 jackals
  8 kobolds
  9 bats
  3 frilled lizards
  5 rats
94 creatures vanquished.

Notes
Turn   | Place    | Note
-------+----------+-------------------------------------------
     0 | D:1      | Mellonil the Gnoll Arcane Marksman began the quest for the
                  | Orb.
     0 | D:1      | Reached XP level 1. HP: 17/17 MP: 4/4
   232 | D:1      | Reached XP level 2. HP: 23/23 MP: 5/5
   686 | D:1      | Reached XP level 3. HP: 28/28 MP: 7/7
   887 | D:2      | Learned a level 3 spell: Inner Flame
   891 | D:2      | Learned a level 3 spell: Portal Projectile
   965 | D:2      | Reached skill level 1 in Invocations
  1372 | D:2      | Reached skill level 1 in Short Blades
  1372 | D:2      | Reached skill level 1 in Long Blades
  1372 | D:2      | Reached skill level 1 in Axes
  1372 | D:2      | Reached skill level 1 in Maces & Flails
  1372 | D:2      | Reached skill level 1 in Polearms
  1372 | D:2      | Reached skill level 1 in Staves
  1372 | D:2      | Reached skill level 1 in Slings
  1372 | D:2      | Reached skill level 1 in Crossbows
  1372 | D:2      | Reached skill level 1 in Throwing
  1372 | D:2      | Reached skill level 1 in Armour
  1372 | D:2      | Reached skill level 1 in Stealth
  1372 | D:2      | Reached skill level 1 in Shields
  1372 | D:2      | Reached skill level 1 in Unarmed Combat
  1372 | D:2      | Reached skill level 1 in Evocations
  1417 | D:2      | Reached XP level 4. HP: 27/34 MP: 8/8
  2078 | D:3      | Noticed Jessica
  2336 | D:3      | Killed Jessica
  2336 | D:3      | Reached skill level 1 in Conjurations
  2336 | D:3      | Reached skill level 1 in Charms
  2336 | D:3      | Reached skill level 1 in Summonings
  2336 | D:3      | Reached skill level 1 in Necromancy
  2336 | D:3      | Reached skill level 1 in Translocations
  2336 | D:3      | Reached skill level 1 in Transmutations
  2336 | D:3      | Reached skill level 1 in Fire Magic
  2336 | D:3      | Reached skill level 1 in Ice Magic
  2336 | D:3      | Reached skill level 1 in Air Magic
  2336 | D:3      | Reached skill level 1 in Earth Magic
  2336 | D:3      | Reached skill level 1 in Poison Magic
  2395 | D:3      | Noticed Robin
  2513 | D:3      | Reached XP level 5. HP: 36/40 MP: 9/9
  4066 | D:3      | Killed Robin
  4383 | D:3      | Reached XP level 6. HP: 36/47 MP: 10/10
  5213 | D:4      | Noticed Duvessa
  5213 | D:4      | Noticed Dowan
  5239 | D:5      | Entered Level 5 of the Dungeon
  5337 | D:5      | Found a stormy altar of Qazlal.
  5339 | D:5      | Noticed an ice beast
  5455 | D:5      | Killed an ice beast
  5455 | D:5      | Reached skill level 5 in Bows
  5455 | D:5      | Reached skill level 5 in Dodging
  5521 | D:5      | Found a staircase to the Ecumenical Temple.
  5527 | Temple   | Entered the Ecumenical Temple
  5603 | Temple   | Became a worshipper of Warmaster Okawaru
  5653 | D:4      | Found a glowing golden altar of the Shining One.
  6016 | D:4      | Reached XP level 7. HP: 42/52 MP: 12/12
  6072 | D:4      | Noticed Natasha
  6078 | D:4      | Killed Natasha
  6146 | D:4      | Noticed Purgy
  6363 | D:3      | Slain by an ogre

Levels and vault maps discovered:
D:1:      roderic_crossed_star, layout_loops_corners, grunt_decor_arrowhead
D:2:      layout_loops_corners
D:3:      layout_rooms, gup_sewer_entry_glass, st_stairs_13, uniq_robin,
          uniq_jessica
D:4:      layout_basic, nicolae_tso_carved_into_rock, uniq_purgy, uniq_natasha,
          uniq_duvessa
D:5:      layout_basic, nicolae_overflow_hidden_temple,
          minmay_temple_entry_enclosed_plants, first_ration, uniq_edmund
Temple:   regret_index_temple_sigil_plot

Skill      XL: |  1  2  3  4  5  6 |
---------------+-------------------+-----
Invocations    | 1 2 |  2.4
Short Blades   | 1 2 |  2.2
Long Blades    | 1 2 |  2.2
Axes           | 1 2 |  2.2
Maces & Flails | 1 2 |  2.2
Polearms       | 1 2 |  2.2
Staves         | 1 2 |  2.2
Slings         | 1 2 |  2.2
Crossbows      | 1 2 |  2.2
Throwing       | 1 2 |  2.2
Armour         | 1 2 |  2.2
Stealth        | 1 2 |  2.2
Shields        | 1 2 |  2.2
Unarmed Combat | 1 2 |  2.2
Evocations     | 1 2 |  2.2
Spellcasting   | 3 |  3.6
Conjurations   | 1 |  1.8
Charms         | 1 |  1.8
Summonings     | 1 |  1.8
Necromancy     | 1 |  1.8
Translocations | 1 |  1.8
Transmutations | 1 |  1.8
Fire Magic     | 1 |  1.8
Ice Magic      | 1 |  1.8
Air Magic      | 1 |  1.8
Earth Magic    | 1 |  1.8
Poison Magic   | 1 |  1.8
Fighting       | 3 |  3.4
Bows           | 5 |  5.1
Dodging        | 5 |  5.1
Hexes          | |  5.7

Action                   |  1- 3 |  4- 6 |  7- 9 || total
-------------------------+-------+-------+-------++-------
Melee: Short sword       |       |   284 |       ||   284
       Unarmed           |       |     2 |       ||     2
       Bite              |       |    44 |       ||    44
       Punch             |       |     1 |       ||     1
 Fire: Shortbow          |   111 |    37 |       ||   148
Throw: Boomerang         |       |    11 |    15 ||    26
 Cast: Portal Projectile |       |     2 |       ||     2
Evoke: Wand              |       |     5 |       ||     5
  Use: Scroll            |       |     8 |       ||     8
       Potion            |       |     1 |     1 ||     2
 Stab: Sleeping          |       |     3 |       ||     3
  Eat: Chunk             |     1 |    12 |       ||    13
       Ration            |       |     1 |       ||     1
Armor: Robe              |     9 |    33 |     5 ||    47
Dodge: Dodged            |    41 |   211 |    15 ||   267
